 Dungeon Crawl Stone Soup version 0.30-a0-269-gf0224bf7b6 (webtiles) character file.

Game seed: 3389816003980708753

1727 ryw the Trooper (level 8, -2/68 HPs)
             Began as a Demonspawn Monk on Oct 14, 2022.
             Slain by a two-headed ogre
             ... wielding a +0 great mace
              (22 damage)
             ... on level 7 of the Dungeon.
             The game lasted 00:10:44 (5011 turns).

ryw the Trooper (Demonspawn Monk)                   Turns: 5011, Time: 00:10:44

Health: -2/68      AC: 11    Str: 13 (14) XL:     8   Next: 75%
Magic:  12/12      EV: 11    Int:  7 (8)  God:
Gold:   281        SH:  0    Dex: 14 (17) Spells: 13/13 levels left

rFire   + + .      SeeInvis .    e - +6 quarterstaff of Ancient Evil {venom, rElec Str+2 Int-4}
rCold   + + .      Faith    .    (shield currently unavailable)
rNeg    + . .      Spirit   .    n - +2 ring mail {rF+}
rPois   +          Reflect  .    (no helmet)
rElec   +          Harm     .    c - +0 cloak
rCorr   +          Rampage  .    (no gloves)
Will    .....                    (no boots)
Stlth   +.........               (no amulet)
HPRegen 0.31/turn                p - ring of positive energy
MPRegen 0.26/turn                (no ring)

@: resistant
A: claws 1, thin metallic scales 2, spiny 1, magic regeneration, cold resistance
1, deterioration 1
a: no special abilities


You were on level 7 of the Dungeon.
You visited 1 branch of the dungeon, and saw 6 of its levels.

You collected 281 gold pieces.

Inventory:

Hand Weapons
 d - a +2 whip of freezing
 e - the +6 quarterstaff of Ancient Evil (weapon) {venom, rElec Str+2 Int-4}
   (You acquired it on level 3 of the Dungeon)

   It poisons the flesh of those it strikes.
   Str:       It affects your strength (+2).
   Int:       It affects your intelligence (-4).
   rElec:     It insulates you from electricity.
Missiles
 k - 7 poisoned darts (quivered)
 r - 6 javelins
Armour
 c - a +0 cloak (worn)
 n - a +2 ring mail of fire resistance (worn)
Jewellery
 p - a ring of positive energy (left claw)
Scrolls
 a - a scroll of teleportation
 b - a scroll of fear
 g - a scroll of magic mapping
 m - 3 scrolls of identify {unknown}
Potions
 l - a potion of brilliance
 o - 2 potions of degeneration


   Skills:
 + Level 7.8 Fighting
 - Level 2.5(3.9) Maces & Flails
 - Level 4.6(4.9) Staves
 - Level 2.6 Dodging
 - Level 1.7 Stealth
 * Level 5.2 Unarmed Combat
 - Level 3.0 Spellcasting


You had 13 spell levels left.
You didn't know any spells.
Your spell library contained the following spells:

 Spells                   Type           Power      Damage    Failure   Level
 Apportation              Tloc           2%         N/A       58%         1
 Necrotise                Necr           4%         1d4       58%         1
 Summon Small Mammal      Summ           4%         N/A       58%         1
 Scorch                   Fire           2%         2d5       75%         2
 Dazzling Flash           Conj/Hex       2%         N/A       92%         3
 Flame Wave               Conj/Fire      1%         2d4       100%        4
 Summon Ice Beast         Ice/Summ       1%         N/A       100%        4
 Agony                    Necr           1%         N/A       100%        5
 Silence                  Hex/Air        0%         N/A       100%        5
 Summon Mana Viper        Hex/Summ       1%         N/A       100%        5
 Summon Cactus Giant      Summ           0%         N/A       100%        6
 Monstrous Menagerie      Summ           0%         N/A       100%        7


Dungeon Overview and Level Annotations

Branches:
Dungeon (5/15)
 Temple: D:4-7

Altars:

Shops:
D:3 [   D:5 ?


Innate Abilities, Weirdness & Mutations

You have sharp fingernails.
You are mostly covered in thin metallic scales. (AC +3)
You are partially covered in sharp spines.
You regenerate magic rapidly.
Your flesh is cold resistant. (rC+)
Your body sometimes deteriorates upon taking damage.


Message History

The orc wizard is severely wounded.
You sock the orc wizard!
You kill the orc wizard!
An orc comes into view. It is wielding a +0 dagger.
An orc wizard comes into view. It is wielding a +0 dagger.
You sock the orc wizard!
The orc wizard is poisoned.
The orc wizard is heavily wounded.
The orc wizard points at you and mumbles some strange words.
The puff of flame hits you. You resist.
You sock the orc wizard!
You kill the orc wizard!
The orc hits you but does no damage.
You feel your intelligence returning. The orc attacks as you move away!
The orc hits you but does no damage.
Items here: )) [[ †.
Things that are here:
a +0 short sword; a +0 ring mail You sock the orc!
You kill the orc!
It was a potion of resistance.
You feel protected.
Okay, then.
The air fills with toxic fumes!
As you read the scroll of poison, it crumbles to dust.
Unknown command.
Unknown command.
Throw: 8 darts (poison)
Press: ? - help, Q - select action, (/) - cycle Shift-Dir - straight line, f - two-headed ogre
Aim: a two-headed ogre, wielding a +0 great mace and a +0 giant spiked club (76% to hit)
You throw a poisoned dart.
The poisoned dart closely misses the two-headed ogre.
You sock the two-headed ogre!
The two-headed ogre is lightly wounded.
The two-headed ogre is engulfed in poison gas.
The two-headed ogre is poisoned.
The two-headed ogre is struck by your spines.
The two-headed ogre hits you with a +0 great mace!!
* * * LOW HITPOINT WARNING * * *
The two-headed ogre hits you with a +0 giant spiked club!!
You die...

######### #
#..§§§§§####§#####
#..§§§§§.O@§☼§§§§§
##...#
#..§☼☼§###§##§###§.
..... #..§...# #§#.. .
.....
#.....O###§#..###.
.....
#........☼§#.#...#
#....
#.........#§☼.....#
#...#
#.####.##.###.###y##
#...# #.
#.##.###.##...#####...#
.
#.##.........)))†.....#


You could see a two-headed ogre (poisoned).

Vanquished Creatures
  A wyvern (D:7)
  An orc warrior (D:7)
  A sky beast (D:7)
  An ice beast (D:5)
  A gnoll sergeant (D:7)
  2 necrophages
  A scorpion (D:5)
  5 killer bees (D:7)
  6 hounds
  2 orc priests
  3 iguanas
  6 orc wizards
  15 gnolls
  7 adders
  A shadow imp (D:5)
  A white imp (D:7)
  A worm (D:3)
  A dart slug (D:2)
  17 orcs
  A spectral bat (D:5)
  11 bats
  A bat zombie (D:5)
  7 endoplasms
  4 giant cockroaches
  2 goblins (D:2)
  7 hobgoblins
  2 jackals (D:1)
  A quokka (D:1)
  8 ball pythons
  4 frilled lizards
  6 kobolds
  5 rats
132 creatures vanquished.

Notes
Turn   | Place    | Note
-------+----------+-------------------------------------------
     0 | D:1      | ryw the Demonspawn Monk began the quest for the Orb.
     0 | D:1      | Reached XP level 1. HP: 18/18 MP: 1/1
   243 | D:1      | Gained mutation: You are partially covered in sharp spines.
                  | [demonic ancestry]
   243 | D:1      | Reached XP level 2. HP: 10/24 MP: 2/2
   477 | D:1      | Found a faded altar of an unknown god.
   480 | D:1      | Reached skill level 1 in Maces & Flails
   911 | D:1      | Reached XP level 3. HP: 27/30 MP: 3/3
  1652 | D:2      | Reached skill level 4 in Fighting
  2211 | D:2      | Reached skill level 1 in Spellcasting
  2211 | D:2      | Gained mutation: You are partially covered in thin metallic
                  | scales. (AC +2) [demonic ancestry]
  2211 | D:2      | Reached XP level 4. HP: 31/37 MP: 5/5
  2437 | D:3      | Found Tyullap's Armour Shop.
  2438 | D:3      | Noticed a necrophage
  2454 | D:3      | Killed a necrophage
  2455 | D:3      | Gained mutation: You regenerate magic rapidly. [demonic
                  | ancestry]
  2455 | D:3      | Reached XP level 5. HP: 33/43 MP: 6/8
  2810 | D:3      | Identified a scroll of acquirement
  2810 | D:3      | Acquired the +6 quarterstaff of Ancient Evil {venom, rElec
                  | Str+2 Int-4}
  2952 | D:4      | HP: 2/43 [gnoll/+0 halberd (11)]
  3010 | D:4      | Reached skill level 1 in Staves
  3010 | D:4      | Reached XP level 6. HP: 46/50 MP: 9/9
  3197 | D:4      | Reached skill level 5 in Fighting
  3570 | D:4      | Gained mutation: You are mostly covered in thin metallic
                  | scales. (AC +3) [demonic ancestry]
  3570 | D:4      | Reached XP level 7. HP: 56/56 MP: 11/11
  3813 | D:5      | Entered Level 5 of the Dungeon
  3818 | D:5      | Found Hiag's Magic Scroll Emporium.
  3996 | D:5      | Reached skill level 6 in Fighting
  4371 | D:5      | You fall into a shaft and drop 2 floors!
  4397 | D:7      | Noticed a wyvern
  4405 | D:7      | Killed a wyvern
  4406 | D:7      | Gained mutation: You have sharp fingernails. [demonic
                  | ancestry]
  4406 | D:7      | Reached XP level 8. HP: 55/65 MP: 12/12
  4412 | D:7      | Reached skill level 7 in Fighting
  4522 | D:7      | Gained mutation: Your body sometimes deteriorates upon
                  | taking damage. [potion of mutation]
  4522 | D:7      | Gained mutation: Your flesh is cold resistant. (rC+)
                  | [potion of mutation]
  4908 | D:7      | Reached skill level 5 in Unarmed Combat
  4965 | D:7      | Noticed a two-headed ogre
  5011 | D:7      | Slain by a two-headed ogre

Illustrated notes

Levels and vault maps discovered:
D:1:      minmay_arrival_three_doors, layout_basic,
          dreamdust_ecumenical_altar_hidden_monk_grotto, palyth_stone_intersect
D:2:      layout_basic
D:3:      layout_basic, serial_shops, shop
D:4:      layout_basic
D:5:      layout_rooms, serial_shops, shop, goddamned_bats
D:7:      layout_loops_cross, minmay_temple_entry_statues_fountains,
          kennysheep_small_spiral, moated_statue, kennysheep_generic_room_11

Skill      XL: |  1  2  3  4  5  6  7  8 |
---------------+-------------------------+-----
Maces & Flails | 1 2 |  2.5
Fighting       | 4 5 6 7 |  7.8
Spellcasting   | 1 2 3 |  3.0
Staves         | 1 2 4 |  4.6
Unarmed Combat | 5 |  5.2
Dodging        | |  2.6
Stealth        | |  1.7

Action                   |  1- 3 |  4- 6 |  7- 9 || total
-------------------------+-------+-------+-------++-------
Melee: Unarmed           |    18 |       |       ||    18
       Whip              |    59 |    40 |       ||    99
       Quarterstaff      |       |    51 |   119 ||   170
Throw: Dart              |       |       |     1 ||     1
  Use: Potion            |       |     2 |     8 ||    10
       Scroll            |       |    10 |     1 ||    11
 Stab: Sleeping          |     9 |     2 |     1 ||    12
       Invisible         |       |       |     6 ||     6
Armor: Robe              |    11 |    24 |     3 ||    38
       Ring mail         |       |       |    46 ||    46
Dodge: Dodged            |    45 |    65 |    60 ||   170

Table legend: (Time is in decaauts)
 A = Elapsed time spent in this place.
 B = Non-inter-level travel time spent in this place.
 C = Inter-level travel time spent in this place.
 D = Time resting spent in this place.
 E = Time spent auto-exploring this place.
 F = Levels seen in this place.
 G = Mean time per level.
                   A        B        C        D        E       F      G
               +--------+--------+--------+--------+--------+-----+--------+
         Total |   5012 |   4783 |    229 |    431 |   3419 |   6 |  835.3 |
       Dungeon |   5012 |   4783 |    229 |    431 |   3419 |   6 |  835.3 |
               +--------+--------+--------+--------+--------+-----+--------+

Top non-repeatable levels by time:
     D:1: 1178 daAuts
     D:2: 1054 daAuts
     D:4: 947 daAuts
     D:3: 645 daAuts
     D:7: 624 daAuts
     D:5: 562 daAuts
